 Dungeon Crawl Stone Soup version 0.28-a0-706-gf6f64a616a (webtiles) character file.

Game seed: 14793588454215933175

82 oldriver the Magician (level 4, -1/31 HPs)
             Began as a Demonspawn Fire Elementalist on Oct 25, 2021.
             Slain by an orc wizard (4 damage)
             ... on level 3 of the Dungeon.
             The game lasted 00:02:36 (3824 turns).

oldriver the Magician (DsFE)                        Turns: 3824, Time: 00:02:37

Health: -1/31      AC:  2    Str:  8    XL:     4   Next: 21%
Magic:  1/10       EV: 12    Int: 17    God:
Gold:   137        SH:  0    Dex: 14    Spells: 10/11 levels left

rFire   . . .      SeeInvis .   b - +0 short sword
rCold   . . .      Faith    .   (no shield)
rNeg    . . .      Spirit   .   a - +0 robe
rPois   .          Reflect  .   (helmet restricted)
rElec   .          Harm     .   (no cloak)
rCorr   .          Rampage  .   (no gloves)
Will    .....                   (no boots)
Stlth   ++........              (no amulet)
HPRegen 0.10/turn               (no ring)
MPRegen 0.12/turn               (no ring)

@: no status effects
A: antennae 1, demonic guardian 1
a: no special abilities


You were on level 3 of the Dungeon.
You visited 1 branch of the dungeon, and saw 3 of its levels.

You collected 137 gold pieces.

Inventory:

Hand Weapons
 b - a +0 short sword (weapon)
Armour
 a - a +0 robe (worn)
Scrolls
 d - 3 scrolls of identify {unknown}
 f - a scroll of enchant armour {unknown}
 i - 2 scrolls of magic mapping {unknown}
 j - 6 scrolls of teleportation {unknown}
Potions
 c - 5 potions of lignification {unknown}
 e - a potion of curing {unknown}
 g - a potion of haste {unknown}
 h - a potion of brilliance {unknown}


   Skills:
 + Level 0.4 Fighting
 + Level 0.1 Short Blades
 - Level 1.7 Dodging
 - Level 1.7 Stealth
 * Level 4.1 Spellcasting
 - Level 1.0 Conjurations
 - Level 2.6 Fire Magic


You had 10 spell levels left.
You knew the following spells:

 Your Spells              Type           Power      Damage    Failure   Level
a - Foxfire               Conj/Fire      36%        2x1d5     8%          1

Your spell library contained the following spells:

 Spells                   Type           Power      Damage    Failure   Level
 Scorch                   Fire           24%        2d6       8%          2
 Conjure Flame            Conj/Fire      9%         6-21      22%         3
 Inner Flame              Hex/Fire       8%         N/A       26%         3
 Ignite Poison            Fire/Tmut/Pois 6%         N/A       32%         3
 Dazzling Flash           Conj/Hex       10%        N/A       36%         3
 Flame Wave               Conj/Fire      9%         3d4       58%         4
 Sticky Flame             Conj/Fire      9%         2d3       58%         4
 Iskenderun's Mystic Bla  Conj/Tloc      5%         2d3       77%         4
 Starburst                Conj/Fire      4%         6d4       100%        6


Dungeon Overview and Level Annotations

Branches:
Dungeon (3/15)

Altars:

Shops:
D:2 [


Innate Abilities, Weirdness & Mutations

You have a pair of small antennae on your head.
A weak demonic guardian rushes to your aid.


Message History

The magic dart hits your iron imp.
You're too confused to cast spells.
Sorry, you're not good enough to have a special ability.
You're too confused to move!
You bump into the rock wall.
You feel less confused.
Something hits your iron imp but does no damage.
Casting: Foxfire (safe; 8% risk of failure)
Confirm with . or Enter, or press ? or * to list all spells.
You conjure some foxfire!
Something hits your iron imp but does no damage.
The rat barely misses you.
You hit the rat but do no damage.
The foxfire hits the rat.
The rat is moderately wounded.
The foxfire hits something.
The rat barely misses you.
You barely miss the rat.
The rat is moderately wounded.
Something hits you. The rat misses you.
Your iron imp hits the rat.
The rat dies!
You closely miss something. Something hits you.
You closely miss something. Something hits you.
You hit something. Something hits you but does no damage. Something hits you.
You barely miss something.
Your iron imp disappears in a puff of smoke!
Something hits you.
You barely miss something. Something hits you.
* * * LOW HITPOINT WARNING * * *
You miss something. Something hits you.
* * * LOW HITPOINT WARNING * * *
A demonic guardian appears!
Casting: Foxfire (safe; 8% risk of failure)
Confirm with . or Enter, or press ? or * to list all spells.
You conjure some foxfire!
Something hits you but does no damage.
You barely miss something.
The foxfire hits something.
Something hits you.
* * * LOW HITPOINT WARNING * * *
You closely miss something. Something hits you.
* * * LOW HITPOINT WARNING * * *
You closely miss something. Something hits you but does no damage.
You closely miss something. Something hits you.
You die...

.# . .. .. #. ... #.
#... #.###..).
##..§>o... ..##
###...§{o..#
.....########.....####
#..v@.##....#.#...#
####5{....# #.#...###
#...#...## #.#...#..
##......####...###..
#..####....)...###..
#..########.....##..
#.....####...#......
##.##...#...........
###..####.....#.......


You could see a friendly ufetubus (summoned).

Vanquished Creatures
  An adder (D:3)
  A worm (D:3)
  3 dart slugs
  2 orcs (D:3)
  An endoplasm (D:2)
  6 goblins
  A hobgoblin (D:2)
  2 jackals (D:2)
  A quokka (D:2)
  2 ball pythons (D:2)
  5 bats
  A frilled lizard (D:3)
  5 kobolds
  5 rats
36 creatures vanquished.

Vanquished Creatures (collateral kills)
  An orc priest (D:3)
  A rat (D:3)
2 creatures vanquished.

Vanquished Creatures (others)
  175 foxfires
175 creatures vanquished.

Grand Total: 213 creatures vanquished

Notes
Turn   | Place    | Note
-------+----------+-------------------------------------------
     0 | D:1      | oldriver the Demonspawn Fire Elementalist began the quest
                  | for the Orb.
     0 | D:1      | Reached XP level 1. HP: 13/13 MP: 3/3
  1035 | D:1      | Found a faded altar of an unknown god.
  1072 | D:1      | Gained mutation: You have a pair of small antennae on your
                  | head. [demonic ancestry]
  1072 | D:1      | Reached XP level 2. HP: 19/19 MP: 2/5
  1809 | D:2      | Found Boicsoxi's Antique Armour Shop.
  1832 | D:2      | Reached skill level 3 in Spellcasting
  2579 | D:2      | Gained mutation: A weak demonic guardian rushes to your
                  | aid. [demonic ancestry]
  2579 | D:2      | Reached XP level 3. HP: 24/24 MP: 3/7
  3797 | D:3      | Reached skill level 4 in Spellcasting
  3797 | D:3      | Reached XP level 4. HP: 21/31 MP: 1/10
  3824 | D:3      | Slain by an orc wizard

Illustrated notes

Levels and vault maps discovered:
D:1:      mrwooster_arrival_statue_3, layout_loops_corners,
          ebering_ecumenical_altar_sacrificial, minivault_11
D:2:      layout_basic, serial_shops, shop
D:3:      layout_rooms, ebering_ghost_disaster_area

Skill      XL: |  1  2  3 |
---------------+----------+-----
Spellcasting   | 3 4 |  4.1
Fighting       | |  0.4
Short Blades   | |  0.1
Dodging        | |  1.7
Stealth        | |  1.7
Conjurations   | |  1.0
Fire Magic     | |  2.6

Action                   |  1- 3 |  4- 6 || total
-------------------------+-------+-------++-------
Melee: Short sword       |    20 |    12 ||    32
 Cast: Foxfire           |   115 |     3 ||   118
Armor: Robe              |     9 |     3 ||    12
Dodge: Dodged            |    27 |     3 ||    30

Table legend: (Time is in decaauts)
 A = Elapsed time spent in this place.
 B = Non-inter-level travel time spent in this place.
 C = Inter-level travel time spent in this place.
 D = Time resting spent in this place.
 E = Time spent auto-exploring this place.
 F = Levels seen in this place.
 G = Mean time per level.
                   A        B        C        D        E       F      G
               +--------+--------+--------+--------+--------+-----+--------+
         Total |   3826 |   3751 |     75 |    902 |   2487 |   3 | 1275.3 |
       Dungeon |   3826 |   3751 |     75 |    902 |   2487 |   3 | 1275.3 |
               +--------+--------+--------+--------+--------+-----+--------+

Top non-repeatable levels by time:
     D:2: 1465 daAuts
     D:1: 1329 daAuts
     D:3: 1032 daAuts
